 Dungeon Crawl Stone Soup version 0.17-a0-764-gd40c196 (console) character file.

6716 sose the Frost Mage (level 11, -5/83 HPs)
             Began as a Merfolk Ice Elementalist on Apr 23, 2015.
             Was a Believer of Ashenzari.
             Slain by an orc warrior
             ... wielding a +0 halberd
              (35 damage)
             ... in a bailey.
             The game lasted 00:34:17 (9740 turns).

sose the Frost Mage (Merfolk Ice Elementalist)      Turns: 9740, Time: 00:34:17

Health: -5/83      AC: 15    Str:  8    XL:     11   Next: 4%
Magic:  20/22      EV: 22    Int: 26    God:    Ashenzari [**....]
Gold:   568        SH:  0    Dex: 16    Spells: 5 memorised, 13 levels left

rFire  . . .     SeeInvis .     M - +8 mace {freeze, rPois MR- Int+7} (curse)
rCold  . . .     Clarity  .     a - +0 robe (curse)
rNeg   + . .     SustAb   .     (no shield)
rPois  +         Gourm    .     f - +0 helmet (curse)
rElec  .         Spirit   .     g - +1 cloak {MR+} (curse)
rCorr  .         Warding  .     F - +1 pair of gloves (curse)
rMut   .         Stasis   .     (boots currently unavailable)
MR     .....                    (no amulet)
Stlth  +++.......               R - +2 ring of intelligence (curse)
                                H - ring of positive energy (curse)

@: icy armour, very quick, not resistant to hostile enchantments, fairly
stealthy
A: change form in water, swift swim, evolution 1
a: Scrying, Renounce Religion


You were in a bailey.
You worshipped Ashenzari.
Ashenzari was pleased with you.
You were not hungry.

You visited 2 branches of the dungeon, and saw 11 of its levels.
You also visited: Sewer and Bailey.

You collected 568 gold pieces.

Inventory:

Hand weapons
 u - a +1 short sword of electrocution
 y - a +1 trident
 C - a +0 lajatang
 M - the cursed +8 mace "Merfolk's Curse" (weapon) {freeze, rPois MR- Int+7}
   (You found it on level 5 of the Dungeon)

   It has been specially enchanted to freeze those struck by it, causing extra
   injury to most foes and up to half again as much damage against particularly
   susceptible opponents.
   It can also slow down cold-blooded creatures.
   It affects your intelligence (+7).
   It protects you from poison.
   It affects your resistance to hostile enchantments.
   It has a curse placed upon it.
 O - a +0 trident of venom
 P - a +2 vampiric halberd
 S - the +9 whip of Poxu {slash, +Inv rF+ Str-3 Dex+5}
   (You found it on level 7 of the Dungeon)

   It inflicts extra damage upon your enemies.
   It affects your strength (-3).
   It affects your dexterity (+5).
   It protects you from fire.
   It lets you turn invisible.
Missiles
 m - 8 javelins (quivered)
Armour
 a - a cursed +0 robe (worn)
 f - a cursed +0 helmet (worn)
 g - a cursed +1 cloak of magic resistance (worn)
 F - a cursed +1 pair of gloves (worn)
Jewellery
 i - an uncursed ring of flight
 H - a cursed ring of positive energy (left hand)
 R - a cursed +2 ring of intelligence (right hand)
Magical devices
 d - a wand of slowing (33)
 h - a wand of hasting (4)
 B - a wand of digging (7)
 J - a wand of frost (23)
 L - a wand of confusion (26)
Scrolls
 j - 2 scrolls of identify
 k - a scroll of amnesia {unknown}
 p - a scroll of random uselessness
 s - 3 scrolls of fear
 w - 2 scrolls of magic mapping
 x - 6 scrolls of teleportation
 z - 4 scrolls of curse weapon
 A - a scroll of remove curse
 D - 2 scrolls of immolation
 I - 3 scrolls of curse jewellery
Potions
 n - a potion of brilliance
 o - a potion of haste
 t - 4 potions of curing
 K - 3 potions of restore abilities
 N - 2 potions of agility
 Q - a potion of heal wounds
Books
 b - a book of Frost

   Spells                             Type                      Level
   a - Freeze                         Ice                          1
   b - Throw Frost                    Conjuration/Ice              2
   c - Ozocubu's Armour               Charms/Ice                   3
   d - Throw Icicle                   Conjuration/Ice              4
   e - Summon Ice Beast               Ice/Summoning                4
   f - Condensation Shield            Ice                          4
 e - a book of Death

   Spells                             Type                      Level
   a - Corpse Rot                     Necromancy                   2
   b - Sublimation of Blood           Necromancy                   2
   c - Agony                          Necromancy                   5
   d - Dispel Undead                  Necromancy                   5
   e - Excruciating Wounds            Charms/Necromancy            5
   f - Bolt of Draining               Conjuration/Necromancy       5
 q - a book of Hinderance

   Spells                             Type                      Level
   a - Confusing Touch                Hexes                        2
   b - Confuse                        Hexes                        3
   c - Gell's Gravitas                Hexes/Translocation          3
   d - Petrify                        Transmutation/Earth          4
   e - Metabolic Englaciation         Hexes/Ice                    5
   f - Summon Mana Viper              Hexes/Summoning              5
Comestibles
 c - 10 bread rations
 l - 4 meat rations
 v - 3 fruits
 W - 3 beef jerkies


   Skills:
 + Level 6.6 Fighting
 + Level 8.6 Dodging
 - Level 2.1 Stealth
 + Level 7.6 Spellcasting
 - Level 6.0 Conjurations
 + Level 2.2 Charms
 - Level 10.0 Ice Magic


You had 13 spell levels left.
You knew the following spells:

 Your Spells              Type           Power        Failure   Level  Hunger
a - Freeze                Ice            ####         1%          1    None
b - Throw Frost           Conj/Ice       ######       1%          2    None
c - Ozocubu's Armour      Chrm/Ice       #####...     1%          3    None
d - Throw Icicle          Conj/Ice       ######..     2%          4    ##.....
e - Sublimation of Blood  Necr           #.........   12%         2    None


Dungeon Overview and Level Annotations

Branches:
Dungeon (10/15)            Temple (1/1) D:5            Lair (0/8) D:8
    Orc: D:9-12

Altars:
Ashenzari
Elyvilon
Fedhas
Gozag
Makhleb
Nemelex Xobeh
Okawaru
Ru
Sif Muna
Vehumet
Xom
The Shining One

Annotations:
D:5 Duvessa Bailey RobertPalmer's ghost, experienced DsCK


Innate Abilities, Weirdness & Mutations

You revert to your normal form in water.
You are very nimble and swift while swimming.
You evolve.


Message History

The orc knight shouts!
The orc warrior shouts!
RobertPalmer's ghost (experienced Demonspawn Chaos Knight) comes into view.
Unknown command.
Press: ? - help, v - describe, . - travel A gate leading back out of this place.
The orc barely misses you.
The orc knight roars a battlecry!
The orcs go into a battle-frenzy!
Your legs become a tail as you enter the water.
The orc misses you. The orc knight closely misses you.
You hit the orc warrior. You freeze the orc warrior.
The orc warrior is lightly wounded.
The orc warrior misses you. The orc warrior completely misses you.
The orc knight hits you from afar with a trident!
You barely miss the orc warrior. You tail-slap the orc warrior.
The orc warrior is moderately wounded.
The orc warrior hits you from afar with a halberd!!
The orc knight hits you from afar with a trident.
The orc warrior hits you with a halberd!!
You die...

### * * #
##∩#########* , * *
..##...##.....## ,
≈≈..#...#..≈≈≈..# ,
≈o≈≈.......≈≈o≈≈.#
* oo≈.......≈ooo≈.+
*
≈oW≈.......≈≈o≈≈.#,
≈≈..#...#..≈@≈..# *
, #.∩.##.....##, *
*##∩######### , ###


You could see an orc knight, 3 orc warriors and an orc (frenzied).

Vanquished Creatures
  Erica (D:8)
  Pikel (D:5)
  A hill giant (D:9)
  Maurice (D:8)
  The ghost of stickyfingers the Ruffian, an average MiCK of Xom (D:7)
  2 hungry ghosts (D:9)
  2 hippogriffs
  3 wargs (D:8)
  Edmund (D:4)
  2 ogres
  2 ice beasts
  A black bear (D:8)
  3 orc warriors (D:6)
  3 sky beasts
  A necrophage (D:5)
  A phantom (D:9)
  3 centaurs
  2 big kobolds
  A crocodile (Sewer)
  Blork the orc (D:6)
  4 giant frogs
  A gnoll sergeant (D:6)
  A water moccasin zombie (D:9)
  2 scorpions
  Dowan (D:5)
  10 crimson imps
  A centaur skeleton (D:6)
  A centaur zombie (D:9)
  8 orc priests
  2 hounds
  Crazy Yiuf (D:4)
  An iguana (D:8)
  A jelly (D:7)
  3 giant frog skeletons
  2 worker ants
  8 orc wizards
  A hound zombie (D:6)
  2 hound skeletons
  A worker ant zombie (D:6)
  11 gnolls
  6 adders
  A shadow imp (D:9)
  An ooze (D:4)
  3 adder skeletons
  A worm (D:2)
  27 orcs
  13 bats
  A bat skeleton (D:4)
  A bat zombie (D:8)
  5 giant cockroaches
  11 goblins
  10 hobgoblins
  18 jackals
  5 quokkas
  A ball python (D:4)
  5 giant geckos
  A giant gecko zombie (D:5)
  5 giant newts
  25 kobolds
  17 rats
  4 ballistomycetes (D:6)
256 creatures vanquished.

Vanquished Creatures (others)
  A slave (D:5)
  A centaur (D:8)
  An orc wizard (D:8)
  A hound (D:8)
  2 orcs (D:8)
  A bat (D:5)
  A giant newt (D:5)
  A giant spore (D:6)
9 creatures vanquished.

Grand Total: 265 creatures vanquished

Notes
Turn   | Place    | Note
--------------------------------------------------------------
     0 | D:1      | sose, the Merfolk Ice Elementalist, began the quest for the Orb.
     0 | D:1      | Reached XP level 1. HP: 13/13 MP: 3/3
   111 | D:1      | Reached XP level 2. HP: 10/19 MP: 3/5
   177 | D:1      | Learned a level 2 spell: Throw Frost
   256 | D:1      | Reached skill level 4 in Ice Magic
   676 | D:2      | Reached skill level 1 in Conjurations
   680 | D:2      | Found an iron altar of Okawaru.
   708 | D:2      | Reached XP level 3. HP: 24/24 MP: 2/6
   878 | D:2      | Found a sacrificial altar of Ru.
   878 | D:2      | Found a glowing golden altar of the Shining One.
  1464 | D:3      | Reached XP level 4. HP: 22/30 MP: 7/7
  1744 | D:3      | Found a glowing drain.
  1748 | Sewer    | Entered a sewer
  1814 | Sewer    | Noticed a crocodile
  1835 | Sewer    | Killed a crocodile
  1835 | Sewer    | Reached skill level 5 in Ice Magic
  1835 | Sewer    | Reached XP level 5. HP: 3/35 MP: 0/8
  1840 | Sewer    | Learned a level 3 spell: Ozocubu's Armour
  2431 | D:4      | Noticed Edmund
  2455 | D:4      | Killed Edmund
  2455 | D:4      | Reached XP level 6. HP: 8/41 MP: 0/9
  2751 | D:4      | Noticed a centaur
  2757 | D:4      | Found a blossoming altar of Fedhas.
  2764 | D:4      | HP: 2/41 [centaur/arrow (2)]
  2970 | D:4      | Killed a centaur
  2970 | D:4      | Reached skill level 6 in Ice Magic
  3349 | D:4      | Found a sparkling altar of Nemelex Xobeh.
  3465 | D:4      | Reached XP level 7. HP: 39/46 MP: 8/11
  3514 | D:4      | Found a deep blue altar of Sif Muna.
  3776 | D:4      | Got a shimmering chain mail
  3787 | D:4      | Identified the cursed +0 chain mail of Atiwn {Slay+3} (You found it on level 4 of the Dungeon)
  3836 | D:4      | Noticed Crazy Yiuf
  3840 | D:4      | Killed Crazy Yiuf
  3986 | D:5      | Entered Level 5 of the Dungeon
  4000 | D:5      | Found a shattered altar of Ashenzari.
  4009 | D:5      | Became a worshipper of Ashenzari the Shackled
  4122 | D:5      | Learned a level 4 spell: Throw Icicle
  4130 | D:5      | Found a staircase to the Ecumenical Temple.
  4170 | D:5      | Noticed Pikel
  4183 | D:5      | Killed Pikel
  4183 | D:5      | Reached skill level 7 in Ice Magic
  4183 | D:5      | Reached XP level 8. HP: 13/52 MP: 8/14
  4452 | D:5      | Got the mace "Merfolk's Curse" {freeze, rPois MR- Int+7}
  4453 | D:5      | Noticed Dowan
  4456 | D:5      | Noticed Duvessa
  4503 | D:5      | Killed Dowan
  4507 | Temple   | Entered the Ecumenical Temple
  4630 | Temple   | Identified the +8 mace "Merfolk's Curse" {freeze, rPois MR- Int+7} (You found it on level 5 of the Dungeon)
  4711 | D:5      | Reached skill level 5 in Spellcasting
  4711 | D:5      | Reached skill level 5 in Conjurations
  4901 | D:5      | Reached skill level 1 in Fighting
  5354 | D:6      | Reached skill level 8 in Ice Magic
  5401 | D:6      | Reached XP level 9. HP: 43/61 MP: 6/17
  5701 | D:6      | Learned a level 2 spell: Sublimation of Blood
  6076 | D:6      | Noticed Blork the orc
  6087 | D:6      | Killed Blork the orc
  6295 | D:6      | Reached skill level 5 in Dodging
  6940 | D:7      | Noticed stickyfingers's ghost (average MiCK)
  6951 | D:7      | Killed stickyfingers's ghost
  7032 | D:7      | Reached skill level 9 in Ice Magic
  7217 | D:7      | Found an opulent altar of Gozag.
  7235 | D:7      | Identified the +9 whip of Poxu {slash, +Inv rF+ Str-3 Dex+5}
  7701 | D:7      | Gained mutation: You evolve. [potion of beneficial mutation]
  7747 | D:8      | Noticed Erica
  7757 | D:8      | Killed Erica
  7757 | D:8      | Reached skill level 5 in Fighting
  7757 | D:8      | Reached XP level 10. HP: 68/74 MP: 7/20
  8147 | D:8      | Noticed Maurice
  8275 | D:8      | Killed Maurice
  8305 | D:8      | Found a staircase to the Lair.
  8499 | D:8      | Acquired Ashenzari's first power
  9003 | D:9      | Found a burning altar of Makhleb.
  9003 | D:9      | Found a radiant altar of Vehumet.
  9099 | D:9      | Noticed a hill giant
  9140 | D:9      | Killed a hill giant
  9140 | D:9      | Reached skill level 10 in Ice Magic
  9354 | D:9      | Reached skill level 1 in Charms
  9530 | D:9      | Reached XP level 11. HP: 83/83 MP: 11/22
  9642 | D:10     | Entered Level 10 of the Dungeon
  9712 | D:10     | Found a flagged portal.
  9731 | Bailey   | Entered a bailey
  9732 | Bailey   | Noticed an orc knight
  9732 | Bailey   | Noticed an orc knight
  9734 | Bailey   | Noticed RobertPalmer's ghost (experienced DsCK)
  9740 | Bailey   | Slain by an orc warrior

Action                   |  1- 3 |  4- 6 |  7- 9 | 10-12 || total
-------------------------+-------+-------+-------+-------++-------
Melee: Dagger            |    34 |       |       |       ||    34
       Short sword       |    13 |   115 |    71 |       ||   199
       Mace              |       |       |   197 |   200 ||   397
 Cast: Freeze            |    45 |    25 |    13 |     5 ||    88
       Throw Frost       |       |     2 |     6 |     6 ||    14
       Throw Icicle      |       |       |    26 |    24 ||    50
       Ozocubu's Armour  |       |       |    10 |     4 ||    14
Evoke: Wand              |       |       |     2 |       ||     2
  Use: Scroll            |       |       |    29 |     2 ||    31
       Potion            |       |       |     1 |       ||     1
 Stab: Sleeping          |       |     4 |     4 |     4 ||    12
       Distracted        |       |     1 |       |       ||     1
  Eat: Chunk             |     2 |     7 |    10 |     4 ||    23
       Pizza             |       |       |     3 |     1 ||     4
       Beef jerky        |       |       |     2 |     3 ||     5
